 Dungeon Crawl Stone Soup version 0.27-a0-1374-gc14e5d3922 (webtiles) character file.

Game seed: 1994572348315146382

66 Delamore the Conjurer (level 3, -2/14 HPs)
             Began as a Felid Conjurer on June 29, 2021.
             Slain by an adder (5 damage)
             ... on level 3 of the Dungeon.
             The game lasted 00:02:58 (2710 turns).

Delamore the Conjurer (Felid Conjurer)              Turns: 2710, Time: 00:02:59

Health: -2/14      AC:  1    Str:  3    XL:     3   Next: 96%
Magic:  0/7        EV: 19    Int: 20    God:
Gold:   79         SH:  0    Dex: 20    Spells: 6/7 levels left
                                        Lives:  0   Deaths: 0

rFire    . . .     SeeInvis +   (weapon unavailable)
rCold    . . .     Faith    .   (shield unavailable)
rNeg     . . .     Spirit   .   (armour unavailable)
rPois    .         Reflect  .   (helmet unavailable)
rElec    .         Harm     .   (cloak unavailable)
rCorr    .         Rampage  .   (gloves unavailable)
Will     .....                  (boots unavailable)
Stlth    +++.......             (no amulet)
HPRegen  0.04/turn              d - +6 ring of dexterity
MPRegen  0.10/turn              (no ring)

@: quick
A: very small, claws 1, fangs 3, see invisible, speed 1, shaggy fur 1, stealthy
paws, no weapons or thrown items, no armour, multi-lived
a: no special abilities


You were on level 3 of the Dungeon.
You visited 1 branch of the dungeon, and saw 3 of its levels.

You collected 79 gold pieces.

Inventory:

Jewellery
 d - a +6 ring of dexterity (left paw)
Scrolls
 a - a scroll of enchant armour {unknown}
 b - 2 scrolls of identify {unknown}
 c - 2 scrolls of vulnerability {unknown}
 e - a scroll of teleportation {unknown}


   Skills:
 + Level 3.6 Dodging
 + Level 3.8 Stealth
 * Level 2.6 Spellcasting
 + Level 4.0 Conjurations


You had 6 spell levels left.
You knew the following spells:

 Your Spells              Type           Power      Damage    Failure   Level
a - Magic Dart            Conj           72%        1d6       2%          1

Your spell library contained the following spells:

 Spells                   Type           Power      Damage    Failure   Level
 Searing Ray              Conj           36%        3d4       4%          2
 Shock                    Conj/Air       40%        1d5       6%          1
 Static Discharge         Conj/Air       10%        N/A       10%         2
 Dazzling Flash           Conj/Hex       20%        N/A       19%         3
 Swiftness                Air            2%         N/A       41%         3
 Fulminant Prism          Conj/Hex       5%         3d7       54%         4
 Iskenderun's Mystic Bla  Conj/Tloc      10%        2d4       54%         4
 Airstrike                Air            1%         N/A       83%         4
 Lightning Bolt           Conj/Air       5%         1d17      87%         5


Dungeon Overview and Level Annotations

Branches:
Dungeon (3/15)

Altars:


Innate Abilities, Weirdness & Mutations

You have sharp claws.
You have razor-sharp teeth.
You have supernaturally acute eyesight. (SInv)
You cover ground quickly. (Speed+)
You are covered in fur. (AC +1)
Your paws help you pounce on unaware monsters.
You are incapable of wielding weapons or throwing items.
You cannot wear armour.
You gain extra lives every three experience levels.


Message History

The adder misses you.
The magic dart hits the adder.
The adder is moderately wounded.
The adder bites you.
You are poisoned.
The adder poisons you!
The magic dart hits the adder but does no damage.
The adder is moderately wounded.
You feel sick. The adder completely misses you.
The jackal completely misses you. The adder misses you.
The magic dart hits the adder.
The adder is moderately wounded.
You feel sick. The jackal misses you. The adder bites you.
You are too injured to fight recklessly!
You feel sick. The jackal misses you.
You feel sick.
You are too injured to fight recklessly!
Aiming: Magic Dart (safe; 2% risk of failure)
Press: ? - help, Q - select action Shift-Dir - straight line, f/p - adder
Aim: an adder (moderately wounded, 100% to hit)
The magic dart hits the adder but does no damage.
The adder is moderately wounded.
You feel sick.
You are no longer poisoned.
The adder closely misses you.
Aiming: Magic Dart (safe; 2% risk of failure)
Press: ? - help, Q - select action Shift-Dir - straight line, f/p - adder
Aim: an adder (moderately wounded, 100% to hit)
The magic dart hits the adder.
The adder is moderately wounded.
The adder bites you.
* * * LOW HITPOINT WARNING * * *
The adder closely misses you.
Aiming: Magic Dart (safe; 2% risk of failure)
Press: ? - help, Q - select action Shift-Dir - straight line, f/p - adder
Aim: an adder (moderately wounded, 100% to hit)
The magic dart hits the adder.
The adder is heavily wounded.
The adder bites you.
You die...

###..##.##.# ..#.....##.#
#.#.....##. ##
........##.## #.##
.[##........#### ####...##
#.###..####.... ..#......
.......####..#####........
#.###.##........##........
..# #........##.@Sh.....<.
### #..###...#####........
#.. #...#####........
#.###.#)......###.#.#
#.....######### # #
###.### #### ##.#
...####..######
................


You could see an adder and a jackal.

Vanquished Creatures
  2 adder skeletons (D:2)
  2 worms
  2 dart slugs
  An orc (D:3)
  2 endoplasms (D:1)
  A giant cockroach (D:1)
  4 goblins
  2 hobgoblins (D:1)
  6 jackals (D:1)
  7 kobolds
  A quokka (D:2)
  3 ball pythons
  A ball python zombie (D:2)
  3 bats
  2 frilled lizards (D:1)
  A quokka zombie (D:2)
  5 rats
45 creatures vanquished.

Notes
Turn   | Place    | Note
-------+----------+-------------------------------------------
     0 | D:1      | Delamore the Felid Conjurer began the quest for the Orb.
     0 | D:1      | Reached XP level 1. HP: 7/7 MP: 4/4
   342 | D:1      | Reached XP level 2. HP: 11/11 MP: 4/6
  1256 | D:2      | Reached XP level 3. HP: 14/14 MP: 4/7
  1865 | D:2      | Reached skill level 4 in Conjurations
  2710 | D:3      | Slain by an adder

Illustrated notes

Levels and vault maps discovered:
D:1:      evilmike_arrival_rings, layout_basic, hex_large
D:2:      layout_basic, serial_undead, serial_undead_a, serial_undead_e,
          serial_undead_e, serial_undead_a, roderic_lattice_a,
          minmay_misc_feat_tiny
D:3:      layout_loops_cross, lemuel_crystal_altar, lexackson_kobold_supper

Skill      XL: |  1  2  3 |
---------------+----------+-----
Stealth        | 3 |  3.8
Dodging        | 3 |  3.6
Conjurations   | 4 |  4.0
Spellcasting   | |  2.6

Action                   || total
-------------------------++-------
Melee: Unarmed           ||    74
       Bite              ||    12
 Cast: Magic Dart        ||    91
 Stab: Sleeping          ||     1
Armor: Skin              ||     5
Dodge: Dodged            ||    93

Table legend: (Time is in decaauts)
 A = Elapsed time spent in this place.
 B = Non-inter-level travel time spent in this place.
 C = Inter-level travel time spent in this place.
 D = Time resting spent in this place.
 E = Time spent auto-exploring this place.
 F = Levels seen in this place.
 G = Mean time per level.
                   A        B        C        D        E       F      G
               +--------+--------+--------+--------+--------+-----+--------+
         Total |   2408 |   2346 |     62 |     64 |   2037 |   3 |  802.7 |
       Dungeon |   2408 |   2346 |     62 |     64 |   2037 |   3 |  802.7 |
               +--------+--------+--------+--------+--------+-----+--------+

Top non-repeatable levels by time:
     D:1: 1103 daAuts
     D:2: 958 daAuts
     D:3: 347 daAuts
